APP
GREENEVILLE ASTROS @ SEATTLE (APP) MARINERS
05/21/2044
 
TOP OF THE 1ST
Greeneville Astros batting - Pitching for Seattle (APP) Mariners : LHP Mitch Lewis
Pitching: LHP Mitch Lewis
Batting: RHB Jason Monico 0-0: Called Strike
0-1: Ball
1-1: Ball
2-1: Foul Ball, location: 2F
2-2: Ground out 6-3 (Groundball, 6, EV 88.8 MPH)
Batting: RHB Bruce Bermudez 0-0: Ball
1-0: Called Strike
1-1: Called Strike
1-2: Ball
2-2: Foul Ball, location: 2F
2-2: Foul Ball, location: 2F
2-2: Strikes out swinging
Batting: RHB Ryan Salas 0-0: Called Strike
0-1: Ball
1-1: Called Strike
1-2: Strikes out swinging
Top of the 1st over - 0 runs, 0 hits, 0 errors, 0 left on base; Greeneville 0 - Seattle (APP) 0
BOTTOM OF THE 1ST
Seattle (APP) Mariners batting - Pitching for Greeneville Astros : LHP Ruben Rojas
Pitching: LHP Ruben Rojas
Batting: SHB Tony Morales 0-0: Fly out, F8 (Flyball, 8RM, EV 86.2 MPH)
Batting: RHB Mike Conaway 0-0: Ground out 6-3 (Groundball, 6S, EV 89.4 MPH)
Batting: RHB Chris Olheiser 0-0: Swinging Strike
0-1: Swinging Strike
0-2: Ground out 2-3 (Groundball, 2L, EV 65.6 MPH)
Bottom of the 1st over - 0 runs, 0 hits, 0 errors, 0 left on base; Greeneville 0 - Seattle (APP) 0
TOP OF THE 2ND
Greeneville Astros batting - Pitching for Seattle (APP) Mariners : LHP Mitch Lewis
Batting: RHB Ramon Castellon 0-0: Ball
1-0: Reached on error, E5 (Groundball, 56, EV 83.8 MPH)
Batting: RHB Jorge Gutierrez 0-0: Swinging Strike
0-1: Ball
Wild Pitch!
Ramon Castellon to second
1-1: Ground out 5-3 (Groundball, 5, EV 81.2 MPH)
Batting: LHB Josh Birkner 0-0: Fly out, F7 (Flyball, 7D, EV 85.0 MPH)
Runner from 2nd tags up, SAFE at 3rd, no throw by LF
Batting: LHB Kyle Moore 0-0: Foul Ball, location: 2F
0-1: Foul Ball, location: 2F
0-2: Ball
1-2: Ball
2-2: SINGLE (Groundball, 4MD, EV 95.0 MPH)
Ramon Castellon scores
Batting: LHB Jimmy Edlin 0-0: Ball
1-0: Ball
2-0: Ball
3-0: Called Strike
3-1: Fly out, F8 (Flyball, 78D, EV 100.6 MPH)
Top of the 2nd over - 1 run, 1 hit, 1 error, 1 left on base; Greeneville 1 - Seattle (APP) 0
BOTTOM OF THE 2ND
Seattle (APP) Mariners batting - Pitching for Greeneville Astros : LHP Ruben Rojas
Batting: SHB Garrett McKenna 0-0: Called Strike
0-1: Ball
1-1: Ball
2-1: Swinging Strike
2-2: Foul Ball, location: 2F
2-2: SINGLE (Groundball, 6D, EV 101.2 MPH)
Batting: RHB Ivan Davila 0-0: Ball
1-0: Ball
2-0: Foul Ball, location: 2F
2-1: Ball
3-1: Base on Balls
Garrett McKenna to second
Batting: RHB Enrique Valdez 0-0: 3-RUN HOME RUN (Flyball, 7LD, EV 90.6 MPH), Distance : 324 ft
Batting: SHB Fernando Jasso 0-0: Ball
1-0: Called Strike
1-1: Ground out 6-3 (Groundball, 6D, EV 102.5 MPH)
Pitching: RHP James Browning
Batting: RHB Chris Van Niel 0-0: Foul Ball, location: 2F
0-1: Called Strike
0-2: Foul Ball, location: 2F
0-2: Foul Ball, location: 2F
0-2: Ball
1-2: Ball
2-2: Foul Ball, location: 2F
2-2: Foul Ball, location: 2F
2-2: Foul Ball, location: 2F
2-2: Ground out U3 (Groundball, 34S, EV 81.9 MPH)
Batting: RHB John Vasquez 0-0: Foul Ball, location: 2F
0-1: Called Strike
0-2: Ball
1-2: SINGLE (Groundball, 56S, EV 71.9 MPH) (infield hit)
Batting: SHB Tony Morales 0-0: Ball
John Vasquez is caught stealing 2nd base 2-6
Bottom of the 2nd over - 3 runs, 3 hits, 0 errors, 0 left on base; Greeneville 1 - Seattle (APP) 3
TOP OF THE 3RD
Greeneville Astros batting - Pitching for Seattle (APP) Mariners : LHP Mitch Lewis
Batting: RHB Guo-ning Chen 0-0: Ball
1-0: Ball
2-0: Ball
3-0: Called Strike
3-1: Base on Balls
Batting: RHB Jason Monico 0-0: Called Strike
0-1: Foul Ball, location: 2F
0-2: Foul Ball, location: 2F
0-2: Ball
1-2: Strikes out swinging
Batting: RHB Bruce Bermudez 0-0: Ball
1-0: Called Strike
1-1: Hit by Pitch
Guo-ning Chen to second
Batting: RHB Ryan Salas 0-0: Ball
1-0: Swinging Strike
1-1: SINGLE (Groundball, 34D, EV 97.5 MPH)
Guo-ning Chen to third
Bruce Bermudez to second
Batting: RHB Ramon Castellon 0-0: Ball
1-0: Grounds into double play, 5-4-3 (Groundball, 56, EV 110.6 MPH)
Top of the 3rd over - 0 runs, 1 hit, 0 errors, 2 left on base; Greeneville 1 - Seattle (APP) 3
BOTTOM OF THE 3RD
Seattle (APP) Mariners batting - Pitching for Greeneville Astros : RHP James Browning
Batting: SHB Tony Morales 0-0: Fly out, F4 (Popup, 34S, EV 85.6 MPH)
Batting: RHB Mike Conaway 0-0: Called Strike
0-1: Ball
1-1: Ball
2-1: Called Strike
2-2: Ball
3-2: SINGLE (Line Drive, 8LS, EV 96.2 MPH)
Batting: RHB Chris Olheiser 0-0: Ball
1-0: Fielders Choice at 2nd, 3-6 (Groundball, 34, EV 108.8 MPH)
Batting: SHB Garrett McKenna 0-0: Ball
1-0: Swinging Strike
1-1: Ball
2-1: Ball
3-1: Foul Ball, location: 2F
3-2: Foul Ball, location: 2F
3-2: Foul Ball, location: 2F
3-2: Foul Ball, location: 2F
3-2: SINGLE (Groundball, 34D, EV 102.5 MPH)
Chris Olheiser to second
Chris Olheiser to third
Batting: RHB Ivan Davila 0-0: Called Strike
0-1: Called Strike
0-2: Foul Ball, location: 2F
0-2: Ball
1-2: Foul Ball, location: 2F
1-2: Foul Ball, location: 2F
1-2: Ball
2-2: Ball
3-2: Base on Balls
Garrett McKenna to second
Batting: RHB Enrique Valdez 0-0: Foul Ball, location: 2F
0-1: Ball
1-1: Ground out 1-3 (Groundball, 13S, EV 68.8 MPH)
Bottom of the 3rd over - 0 runs, 2 hits, 0 errors, 3 left on base; Greeneville 1 - Seattle (APP) 3
TOP OF THE 4TH
Greeneville Astros batting - Pitching for Seattle (APP) Mariners : LHP Mitch Lewis
Batting: RHB Jorge Gutierrez 0-0: Called Strike
0-1: Foul Ball, location: 2F
0-2: Foul Ball, location: 2F
0-2: Ground out 5-3 (Groundball, 5, EV 86.9 MPH)
Batting: LHB Josh Birkner 0-0: Called Strike
0-1: Swinging Strike
0-2: Strikes out swinging
Batting: LHB Kyle Moore 0-0: Foul Ball, location: 2F
0-1: Ball
1-1: Ball
2-1: Called Strike
2-2: Ball
3-2: Foul Ball, location: 2F
3-2: Foul Ball, location: 2F
3-2: Fly out, F8 (Flyball, 8RM, EV 78.1 MPH)
Top of the 4th over - 0 runs, 0 hits, 0 errors, 0 left on base; Greeneville 1 - Seattle (APP) 3
BOTTOM OF THE 4TH
Seattle (APP) Mariners batting - Pitching for Greeneville Astros : RHP James Browning
Batting: SHB Fernando Jasso 0-0: Ball
1-0: Called Strike
1-1: Foul Ball, location: 2F
1-2: Foul Ball, location: 2F
1-2: Strikes out swinging
Batting: RHB Chris Van Niel 0-0: Called Strike
0-1: Ball
1-1: Ball
2-1: Ball
3-1: Foul Ball, location: 2F
3-2: Base on Balls
Batting: RHB John Vasquez 0-0: Ball
1-0: Ball
2-0: DOUBLE (Groundball, 5L, EV 105.0 MPH)
Chris Van Niel to third
Batting: SHB Tony Morales 0-0: Ball
1-0: Called Strike
1-1: Called Strike
1-2: Ball
2-2: Ground out 6-3 (Groundball, 6, EV 103.8 MPH)
Chris Van Niel scores
Pitching: RHP Josh Willig
Batting: RHB Mike Conaway 0-0: Foul Ball, location: 2F
0-1: Ball
1-1: Ball
2-1: Fly out, F7 (Line Drive, 7, EV 86.9 MPH)
Bottom of the 4th over - 1 run, 1 hit, 0 errors, 1 left on base; Greeneville 1 - Seattle (APP) 4
TOP OF THE 5TH
Greeneville Astros batting - Pitching for Seattle (APP) Mariners : LHP Mitch Lewis
Batting: LHB Jimmy Edlin 0-0: Ball
1-0: SINGLE (Groundball, 34D, EV 103.1 MPH)
Batting: RHB Guo-ning Chen 0-0: Ball
1-0: Ball
2-0: Ball
Wild Pitch!
Jimmy Edlin to second
3-0: Base on Balls
Batting: RHB Jason Monico 0-0: SINGLE (Flyball, 4D, EV 96.2 MPH)
Jimmy Edlin to third
Guo-ning Chen to second
Batting: RHB Bruce Bermudez 0-0: Called Strike
0-1: Ball
1-1: Ball
Wild Pitch!
Jimmy Edlin scores
Guo-ning Chen to third
Jason Monico to second
2-1: Ball
3-1: Base on Balls
Pitching: RHP Sid Lampone
Batting: RHB Ryan Salas 0-0: Swinging Strike
0-1: Ball
1-1: Ball
2-1: SINGLE (Groundball, 5L, EV 97.5 MPH)
Guo-ning Chen scores
Jason Monico to third
Bruce Bermudez to second
Runner from 3rd tries for Home, SAFE, throw by LF to home
Batting: RHB Ramon Castellon 0-0: Called Strike
0-1: SINGLE (Line Drive, 56, EV 93.8 MPH)
Bruce Bermudez to third
Ryan Salas to second
Batting: RHB Jorge Gutierrez 0-0: Called Strike
0-1: Swinging Strike
0-2: Ball
1-2: Strikes out swinging
Batting: LHB Josh Birkner 0-0: Ball
1-0: Grounds into double play, 4-6-3 (Groundball, 4D, EV 101.9 MPH)
Top of the 5th over - 3 runs, 4 hits, 0 errors, 2 left on base; Greeneville 4 - Seattle (APP) 4
BOTTOM OF THE 5TH
Seattle (APP) Mariners batting - Pitching for Greeneville Astros : RHP Josh Willig
Batting: RHB Chris Olheiser 0-0: Foul Ball, location: 2F
0-1: Ball
1-1: Foul Ball, location: 2F
1-2: Ball
2-2: Ball
3-2: Base on Balls
Batting: SHB Garrett McKenna 0-0: SINGLE (Groundball, 4MD, EV 98.1 MPH)
Chris Olheiser to second
Batting: RHB Ivan Davila 0-0: Foul Ball, location: 2F
0-1: Ball
1-1: Foul Ball, location: 2F
1-2: 3-RUN HOME RUN (Flyball, 7D, EV 98.8 MPH), Distance : 379 ft
Batting: RHB Enrique Valdez 0-0: Ball
1-0: Foul Ball, location: 2F
1-1: Ball
2-1: Called Strike
2-2: Foul Ball, location: 2F
2-2: Foul Ball, location: 2F
2-2: Ball
3-2: SINGLE (Groundball, 34D, EV 99.4 MPH)
Batting: SHB Fernando Jasso 0-0: Ball
1-0: Ball
2-0: Foul Ball, location: 2F
2-1: SINGLE (Groundball, 34D, EV 97.5 MPH)
Enrique Valdez to second
Runner from 2nd tries for 3rd, SAFE, throw by RF made to third
Batting: RHB Chris Van Niel 0-0: Called Strike
0-1: Ball
1-1: Ball
2-1: Foul Ball, location: 2F
2-2: Ball
3-2: Base on Balls
Fernando Jasso to second
Batting: RHB John Vasquez 0-0: Called Strike
0-1: Grounds into DOUBLE play, U5-4-3 (Groundball, 5L, EV 90.0 MPH)
Enrique Valdez scores
Batting: SHB Tony Morales 0-0: Ball
1-0: Called Strike
1-1: Swinging Strike
1-2: Ball
2-2: Ball
3-2: Foul Ball, location: 2F
3-2: Base on Balls
John Vasquez to second
Batting: RHB Mike Conaway 0-0: Swinging Strike
0-1: Swinging Strike
0-2: Fly out, F9 (Flyball, 9S, EV 81.9 MPH)
Bottom of the 5th over - 4 runs, 4 hits, 0 errors, 2 left on base; Greeneville 4 - Seattle (APP) 8
TOP OF THE 6TH
Greeneville Astros batting - Pitching for Seattle (APP) Mariners : RHP Sid Lampone
Batting: LHB Kyle Moore 0-0: Ball
1-0: SINGLE (Groundball, 34D, EV 94.4 MPH)
Batting: LHB Jimmy Edlin 0-0: Swinging Strike
0-1: Foul Ball, location: 2F
0-2: SINGLE (Line Drive, 7S, EV 98.1 MPH)
Kyle Moore to second
Batting: RHB Guo-ning Chen 0-0: Called Strike
0-1: Ball
1-1: Ball
2-1: Swinging Strike
2-2: Foul Ball, location: 2F
2-2: Foul Ball, location: 2F
2-2: Foul Ball, location: 2F
2-2: Fielders Choice at 2nd, 6-4 (Groundball, 6, EV 99.4 MPH)
Kyle Moore to third
Batting: RHB Jason Monico 0-0: Called Strike
0-1: Swinging Strike
0-2: Strikes out swinging
Batting: RHB Bruce Bermudez 0-0: Ball
1-0: Foul Ball, location: 2F
1-1: SINGLE (Groundball, 56D, EV 78.8 MPH) (infield hit)
Kyle Moore scores
Guo-ning Chen to second
Pitching: RHP Chris Julien
Batting: RHB Ryan Salas 0-0: Ball
1-0: Foul Ball, location: 2F
1-1: Swinging Strike
1-2: Ball
2-2: Foul Ball, location: 2F
2-2: Foul Ball, location: 2F
2-2: Strikes out looking
Top of the 6th over - 1 run, 3 hits, 0 errors, 2 left on base; Greeneville 5 - Seattle (APP) 8
BOTTOM OF THE 6TH
Seattle (APP) Mariners batting - Pitching for Greeneville Astros : RHP Josh Willig
Batting: RHB Chris Olheiser 0-0: SINGLE (Line Drive, 9S, EV 109.4 MPH)
Batting: SHB Garrett McKenna 0-0: Ball
1-0: Ball
2-0: Ball
3-0: Called Strike
3-1: Foul Ball, location: 2F
3-2: Foul Ball, location: 2F
3-2: Base on Balls
Chris Olheiser to second
Batting: RHB Ivan Davila 0-0: Ball
1-0: Ball
2-0: Ball
3-0: Base on Balls
Chris Olheiser to third
Garrett McKenna to second
Batting: RHB Enrique Valdez 0-0: Called Strike
0-1: Ball
1-1: Called Strike
1-2: Ball
2-2: SINGLE (Groundball, 6MD, EV 109.4 MPH)
Chris Olheiser scores
Garrett McKenna to third
Ivan Davila to second
Pitching: RHP Jaquan Alston
Batting: SHB Fernando Jasso 0-0: Called Strike
0-1: Swinging Strike
0-2: Foul Ball, location: 2F
0-2: Ball
1-2: Foul Ball, location: 2F
1-2: Foul Ball, location: 2F
1-2: Fly out, F8 (Flyball, 8RD, EV 96.2 MPH)
Runner from 3rd tags up, SCORES, throw by CF
Batting: RHB Chris Van Niel 0-0: Swinging Strike
0-1: Fly out, F9 (Flyball, 9LS, EV 90.6 MPH)
Batting: RHB John Vasquez 0-0: Ball
1-0: Ball
2-0: Ball
3-0: Base on Balls
Ivan Davila to third
Enrique Valdez to second
Batting: SHB Tony Morales 0-0: Called Strike
0-1: Ball
1-1: Ball
2-1: Ball
3-1: Foul Ball, location: 2F
3-2: Foul Ball, location: 2F
3-2: Base on Balls
Ivan Davila scores
Enrique Valdez to third
John Vasquez to second
Batting: RHB Mike Conaway 0-0: Ball
1-0: Ball
2-0: Ball
3-0: Called Strike
3-1: Base on Balls
Enrique Valdez scores
John Vasquez to third
Tony Morales to second
Batting: RHB Chris Olheiser 0-0: Ball
1-0: Ball
2-0: Foul Ball, location: 2F
2-1: Foul Ball, location: 2F
2-2: Foul Ball, location: 2F
2-2: Foul Ball, location: 2F
2-2: DOUBLE (Groundball, 3L, EV 104.4 MPH)
John Vasquez scores
Tony Morales scores
Mike Conaway to third
Batting: SHB Garrett McKenna Balk!
Mike Conaway scores
Chris Olheiser to third
Pitching: LHP Mark Sanders 0-0: Ball
1-0: Ball
2-0: Ball
3-0: Base on Balls
Batting: RHB Ivan Davila 0-0: Ball
1-0: Ball
2-0: Ball
3-0: Base on Balls
Garrett McKenna to second
Batting: RHB Enrique Valdez 0-0: Called Strike
0-1: Fly out, F6 (Line Drive, 6, EV 71.9 MPH)
Bottom of the 6th over - 7 runs, 3 hits, 0 errors, 3 left on base; Greeneville 5 - Seattle (APP) 15
TOP OF THE 7TH
Greeneville Astros batting - Pitching for Seattle (APP) Mariners : RHP Chris Julien
Batting: RHB Ramon Castellon 0-0: Ball
1-0: Swinging Strike
1-1: Swinging Strike
1-2: Ball
2-2: Ball
3-2: Strikes out swinging
Batting: RHB Jorge Gutierrez 0-0: Ball
1-0: Ball
2-0: Ball
3-0: Foul Ball, location: 2F
3-1: SINGLE (Line Drive, 4M, EV 93.8 MPH)
Batting: LHB Josh Birkner 0-0: Called Strike
0-1: Called Strike
0-2: Strikes out swinging
Batting: LHB Kyle Moore 0-0: Called Strike
Jorge Gutierrez steals 2nd base
0-1: SINGLE (Groundball, 4D, EV 94.4 MPH)
Jorge Gutierrez to third
Runner from 3rd tries for Home, SAFE, throw by CF to home
Batting: LHB Jimmy Edlin 0-0: Ball
Kyle Moore steals 2nd base (no throw)
1-0: Ball
2-0: Swinging Strike
2-1: Swinging Strike
2-2: Strikes out swinging
Top of the 7th over - 1 run, 2 hits, 0 errors, 1 left on base; Greeneville 6 - Seattle (APP) 15
BOTTOM OF THE 7TH
Seattle (APP) Mariners batting - Pitching for Greeneville Astros : LHP Mark Sanders
Batting: SHB Fernando Jasso 0-0: Ball
1-0: Called Strike
1-1: Ball
2-1: Ball
3-1: Base on Balls
Batting: RHB Chris Van Niel 0-0: Foul Ball, location: 2F
0-1: Ball
1-1: SINGLE (Groundball, 56D, EV 105.6 MPH)
Fernando Jasso to second
Batting: RHB John Vasquez 0-0: Ball
1-0: Foul Ball, location: 2F
1-1: Foul Ball, location: 2F
1-2: Strikes out swinging
Batting: SHB Tony Morales 0-0: Foul Ball, location: 2F
0-1: Ball
1-1: Swinging Strike
1-2: Foul Ball, location: 2F
1-2: Fly out, F7 (Flyball, 7, EV 83.8 MPH)
Batting: RHB Mike Conaway 0-0: Ball
1-0: SINGLE (Groundball, P, EV 90.0 MPH) (infield hit)
Fernando Jasso to third
Chris Van Niel to second
Batting: RHB Chris Olheiser 0-0: Called Strike
0-1: Ball
1-1: Called Strike
1-2: Ball
2-2: Ball
3-2: Base on Balls
Fernando Jasso scores
Chris Van Niel to third
Mike Conaway to second
Pitching: RHP Calisto Morda
Batting: SHB Garrett McKenna 0-0: Called Strike
0-1: Swinging Strike
0-2: Foul Ball, location: 2F
0-2: Foul Ball, location: 2F
0-2: Strikes out swinging
Bottom of the 7th over - 1 run, 2 hits, 0 errors, 3 left on base; Greeneville 6 - Seattle (APP) 16
TOP OF THE 8TH
Greeneville Astros batting - Pitching for Seattle (APP) Mariners : RHP Chris Julien
Batting: RHB Guo-ning Chen 0-0: Swinging Strike
0-1: Foul Ball, location: 2F
0-2: Ball
1-2: Strikes out looking
Batting: RHB Jason Monico 0-0: Foul Ball, location: 2F
0-1: Called Strike
0-2: Ball
1-2: Strikes out looking
Batting: RHB Bruce Bermudez 0-0: Called Strike
0-1: Called Strike
0-2: Ball
1-2: Strikes out swinging
Top of the 8th over - 0 runs, 0 hits, 0 errors, 0 left on base; Greeneville 6 - Seattle (APP) 16
BOTTOM OF THE 8TH
Seattle (APP) Mariners batting - Pitching for Greeneville Astros : RHP Calisto Morda
Batting: RHB Ivan Davila 0-0: Ball
1-0: Swinging Strike
1-1: Foul Ball, location: 2F
1-2: Ball
2-2: Strikes out looking
Batting: RHB Enrique Valdez 0-0: Called Strike
0-1: Reached on error, E4 (Groundball, 4S, EV 78.8 MPH)
Batting: SHB Fernando Jasso 0-0: Ball
1-0: Called Strike
1-1: Foul Ball, location: 2F
1-2: Ball
Wild Pitch!
Enrique Valdez to second
2-2: Ball
3-2: Strikes out swinging
Batting: RHB Chris Van Niel 0-0: Ball
1-0: DOUBLE (Line Drive, 89XD, EV 110.0 MPH)
Enrique Valdez scores
Batting: RHB John Vasquez 0-0: Foul Ball, location: 2F
0-1: Swinging Strike
0-2: Ball
1-2: 2-RUN HOME RUN (Flyball, 7LD, EV 92.5 MPH), Distance : 345 ft
Batting: SHB Tony Morales 0-0: Ball
1-0: Ball
2-0: Called Strike
2-1: Ball
3-1: Base on Balls
Batting: RHB Mike Conaway 0-0: Ball
1-0: Ball
2-0: Ball
3-0: Base on Balls
Tony Morales to second
Batting: RHB Chris Olheiser 0-0: Ball
1-0: Called Strike
1-1: Called Strike
1-2: Foul Ball, location: 2F
1-2: Strikes out looking
Bottom of the 8th over - 3 runs, 2 hits, 1 error, 2 left on base; Greeneville 6 - Seattle (APP) 19
TOP OF THE 9TH
Greeneville Astros batting - Pitching for Seattle (APP) Mariners : RHP Chris Julien
Pitching: RHP Harry Hammons
Batting: RHB Ryan Salas 0-0: Foul Ball, location: 2F
0-1: Fly out, F4 (Popup, 13S, EV 92.5 MPH)
Batting: RHB Ramon Castellon 0-0: Called Strike
0-1: Ball
1-1: Fly out, F9 (Flyball, 9LD, EV 96.9 MPH)
Batting: RHB Jorge Gutierrez 0-0: Ground out 5-3 (Groundball, 56, EV 90.0 MPH)
Top of the 9th over - 0 runs, 0 hits, 0 errors, 0 left on base; Greeneville 6 - Seattle (APP) 19
Thursday, March 31st , 2022 - OOTP Baseball 22.12 Build 89